 Dungeon Crawl Stone Soup version 0.26-a0-1012-gedcf9b2963 (webtiles) character file.

Game seed: 13663239212235296562

168605 Morbidden the Eclecticist (level 17, -2/131 HPs)
             Began as a Demonspawn Conjurer on Dec 6, 2020.
             Was the Champion of Vehumet.
             Shot with an arrow by a naga sharpshooter (14 damage)
             ... on level 4 of the Snake Pit on Dec 7, 2020.
             The game lasted 01:33:40 (42854 turns).

Morbidden the Eclecticist (Demonspawn Conjurer)    Turns: 42854, Time: 01:33:40

Health: -2/131     AC: 10    Str:  8    XL:     17   Next: 33%
Magic:  14/45      EV: 23    Int: 27    God:    Vehumet [******]
Gold:   1971       SH:  0    Dex: 18    Spells: 2/47 levels left

rFire    . . .     SeeInvis +     - Unarmed
rCold    . . .     Faith    .   (no shield)
rNeg     + . .     Spirit   .   d - +2 robe {Archmagi}
rPois    .         Reflect  .   V - +2 hat {Int+3}
rElec    +         Harm     .   P - +0 cloak
rCorr    .         Rampage  +   (gloves unavailable)
Will     ++...                  G - +2 pair of boots {rampage}
Stlth    +++.......             g - amulet of regeneration
HPRegen  0.71/turn              K - ring of Nihilism {rElec Str-2 Dex+6 Slay+5 SInv}
MPRegen  0.29/turn              a - ring "Yteonewi" {rElec rN+ WL+ MP+9 Slay+3}

@: lethally poisoned (-2 -> -3)
A: claws 3, repulsion field 2, demonic guardian 3, powered by pain 2
a: Renounce Religion


You were on level 4 of the Snake Pit.
You worshipped Vehumet.
Vehumet was exalted by your worship.
You visited 5 branches of the dungeon, and saw 28 of its levels.
You also visited: Sewer, Ossuary and Ice Cave.

You collected 3997 gold pieces.
You spent 2026 gold pieces at shops.

Inventory:

Missiles
 c - 12 curare-tipped darts
 S - 2 throwing nets
Armour
 d - a +2 robe of the Archmagi (worn)
 z - +2 steam dragon scales
 G - a +2 pair of boots of rampaging (worn)
 P - a +0 cloak (worn)
 V - a +2 hat of intelligence (worn)
Jewellery
 a - the ring "Yteonewi" (right claw) {rElec rN+ WL+ MP+9 Slay+3}
   (You bought it in a shop on level 3 of the Snake Pit)

   [ring of magical power]

   It affects your accuracy and damage with ranged weapons and melee attacks
   (+3).
   It insulates you from electricity.
   It protects you from negative energy.
   It affects your willpower, your defense against some magical effects.
   It affects your magic capacity (+9).
 g - an amulet of regeneration (around neck)
 l - a +4 ring of protection
 D - the ring of the Quahog {rF- AC+4 Str+4 Int+4}
   (You found it on level 1 of the Snake Pit)

   [ring of protection]

   It affects your AC (+4).
   It affects your strength (+4).
   It affects your intelligence (+4).
   It makes you vulnerable to fire.
 K - the ring of Nihilism (left claw) {rElec Str-2 Dex+6 Slay+5 SInv}
   (You acquired it on level 3 of the Lair of Beasts)

   [ring of see invisible]

   It affects your strength (-2).
   It affects your dexterity (+6).
   It affects your accuracy and damage with ranged weapons and melee attacks
   (+5).
   It insulates you from electricity.
   It lets you see invisible.
 Z - an uncursed ring of poison resistance
Wands
 k - a wand of random effects (29)
 x - a wand of polymorph (20)
 y - a wand of flame (104)
 C - a wand of disintegration (33)
 I - a wand of digging (13)
 M - a wand of paralysis (22)
 N - a wand of iceblast (20)
 O - a wand of enslavement (12)
 Q - a wand of acid (9)
Scrolls
 f - a scroll of torment {unknown}
 h - 4 scrolls of teleportation
 j - 3 scrolls of blinking
 m - 3 scrolls of fear
 o - 14 scrolls of remove curse
 u - 7 scrolls of amnesia
 B - a scroll of brand weapon
 H - 2 scrolls of identify
 T - 2 scrolls of magic mapping
 U - a scroll of silence
 W - 3 scrolls of enchant armour
 X - 4 scrolls of fog
Potions
 b - 5 potions of lignification
 e - 3 potions of magic
 i - 13 potions of curing
 n - 2 potions of invisibility
 p - 6 potions of brilliance
 q - 6 potions of degeneration
 r - 3 potions of might
 s - 4 potions of mutation
 t - a potion of berserk rage
 v - 6 potions of haste
 w - 7 potions of flight
 A - 2 potions of resistance
 E - a potion of cancellation
 F - 3 potions of attraction
 L - 5 potions of heal wounds
 Y - 7 potions of ambrosia
Miscellaneous
 J - a condenser vane
 R - a tin of tremorstones (2/2)


   Skills:
 * Level 11.2 Fighting
 * Level 10.5 Dodging
 + Level 4.6 Stealth
 + Level 9.6 Unarmed Combat
 * Level 15.6 Spellcasting
 * Level 14.2 Conjurations
 + Level 3.1 Translocations
 * Level 1.1 Transmutations
 + Level 2.6 Fire Magic
 + Level 2.1 Ice Magic
 + Level 2.3 Air Magic
 * Level 7.1 Earth Magic
 + Level 8.0 Poison Magic
 + Level 1.6 Evocations


You had 2 spell levels left.
You knew the following spells:

 Your Spells              Type           Power        Failure   Level
a - Iron Shot             Conj/Erth      #######...   1%          6
b - Starburst             Conj/Fire      #######...   3%          6
c - Magic Dart            Conj           ####         0%          1
d - Olgreb's Toxic Radia  Pois           #######.     1%          4
e - Bolt of Magma         Conj/Fire/Erth #######...   1%          5
f - Ignite Poison         Fire/Tmut/Pois ######..     1%          3
g - Searing Ray           Conj           ######       0%          2
h - Freezing Cloud        Conj/Ice/Air   ######....   8%          6
i - Lehudib's Crystal Sp  Conj/Erth      #######...   43%         8
z - Iskenderun's Mystic   Conj/Tloc      #######.     1%          4

Your spell library contained the following spells:

 Spells                   Type           Power        Failure   Level
 Absolute Zero            Ice            #####.....   100%        9
 Shatter                  Erth           ######....   100%        9
 Foxfire                  Conj/Fire      ####         1%          1
 Freeze                   Ice            ####         1%          1
 Sting                    Tmut/Pois      ####         1%          1
 Poisonous Vapours        Pois/Air       ######       1%          2
 Animate Skeleton         Necr           ####..       2%          1
 Pain                     Necr           ####         2%          1
 Summon Small Mammal      Summ           ####         2%          1
 Call Imp                 Summ           ####....     3%          2
 Conjure Flame            Conj/Fire      #######.     1%          3
 Dazzling Flash           Conj/Hex       ######       1%          3
 Frozen Ramparts          Ice            #####.       1%          3
 Gell's Gravitas          Tloc           ######....   1%          3
 Inner Flame              Hex/Fire       #####...     1%          3
 Mephitic Cloud           Conj/Pois/Air  #######.     1%          3
 Fulminant Prism          Conj/Hex       ######....   1%          4
 Hailstorm                Conj/Ice       #######.     1%          4
 Sticky Flame             Conj/Fire      #######.     1%          4
 Fireball                 Conj/Fire      #######...   1%          5
 Ozocubu's Armour         Ice            #####...     3%          3
 Petrify                  Tmut/Erth      ######..     4%          4
 Call Canine Familiar     Summ           ####....     8%          3
 Confusing Touch          Hex            ####....     8%          3
 Summon Guardian Golem    Hex/Summ       ####....     8%          3
 Vampiric Draining        Necr           ####......   8%          3
 Yara's Violent Unravell  Hex/Tmut       #####.....   14%         5
 Summon Ice Beast         Ice/Summ       #####...     16%         4
 Summon Lightning Spire   Summ/Air       #####...     16%         4
 Animate Dead             Necr           ####......   24%         4
 Metabolic Englaciation   Hex/Ice        #####.....   41%         5
 Agony                    Necr           ####....     56%         5


Dungeon Overview and Level Annotations

Branches:
Dungeon (15/15) Temple (1/1) D:5 Lair (6/6) D:11 Shoals (0/4) Lair:4 Snake (4/4) Lair:4 Slime (0/5) Lair:6 Orc (2/2) D:11 Elf (0/3) Orc:2 Vaults (0/5) D:12 D:13 Depths (0/5) D:15 Sewer (visited) Ossuary (visited) IceCv (visited)

Altars:
Ashenzari
Cheibriados
Dithmenos
Elyvilon
Fedhas
Gozag
Hepliaklqana
Kikubaaqudgha
Makhleb
Nemelex Xobeh
Okawaru
Qazlal
Ru
Sif Muna
Trog
Uskayaw
Vehumet
Wu Jian
Xom
Yredelemnul
Zin
The Shining One
Beogh
Jiyva

Shops:
D:6 [   D:13 [   Orc:1 (   Orc:2 ?![}   Snake:3 :=(

Annotations:
D:6 1 runed translucent door, Crazy Yiuf
Lair:5 exclusion: 3 oklob plants


Innate Abilities, Weirdness & Mutations

You have claws for hands.
You are surrounded by a moderate repulsion field. (EV +3)
A powerful demonic guardian rushes to your aid.
You sometimes gain power by taking damage.


Message History

The arrow hits you! The arrow freezes you.
Your balrug gestures at the naga sharpshooter.
The bolt of fire misses the naga sharpshooter.
Unknown command.
Unknown command.
You feel sick.
Your balrug disappears in a puff of smoke!
The naga sharpshooter shoots an arrow.
The arrow hits you but does no damage.
You see here an arrow.
You feel sick.
The naga sharpshooter shoots an arrow.
The arrow hits you! The arrow freezes you.
You see here an arrow.
Unknown command.
You feel sick.
The naga sharpshooter shoots an arrow.
The arrow hits you!!
* * * LOW HITPOINT WARNING * * *
You focus on the pain.
You feel your power returning. The arrow freezes you.
* * * LOW HITPOINT WARNING * * *
You see here 2 arrows.
You feel sick.
The naga sharpshooter shoots an arrow.
The arrow hits you!
You die...

..........####...#
..........##....#
.(...........).#
#............N.##
#..............#####
#.....####..†.......
######....#..##.(.......
.......<..#...#(...)....
..........##..@(........
...........#''#(....)...
......................#.
##...................##
##.......(........†...
#.######.............
#.. ###........... ..
#...........
#...........


You could see a naga sharpshooter.

Vanquished Creatures
  An Ice Fiend (IceCv)
  Gastronok (Lair:1)
  An azure jelly (Snake:1)
  A fire giant (D:12)
  A nagaraja (Snake:3)
  Aizul (Snake:1)
  Azrael (Snake:2)
  An ettin (Orc:2)
  A fire dragon (D:15)
  2 ogre magi
  4 hydras
  Erolcha (Orc:1)
  An ice dragon (D:15)
  4 boulder beetles
  5 naga warriors
  7 anacondas
  9 centaur warriors
  4 two-headed ogres
  A catoblepas (Lair:4)
  A death yak (Lair:6)
  A tengu warrior (D:15)
  An orc high priest (Orc:1)
  3 shock serpents
  11 naga sharpshooters
  Nergalle (Orc:1)
  A deep elf knight (D:13)
  2 salamander mystics
  4 unseen horrors
  2 naga ritualists
  2 wizards
  An orc knight (D:13)
  4 ugly things
  3 mana vipers
  4 deep elf magi
  2 manticores
  8 salamanders
  4 oklob plants (Lair:2)
  11 orc sorcerers
  2 cyclopes (D:14)
  10 elephants
  Maurice (D:8)
  31 black mambas
  An ice statue (IceCv)
  A guardian serpent (shapeshifter) (D:13)
  A guardian serpent (Snake:2)
  5 torpor snails
  A gargoyle (D:14)
  12 cane toads
  8 naga magi
  7 orange demons (D:10)
  Maggie (D:6)
  2 rime drakes
  A golden dragon simulacrum (IceCv)
  2 tengu conjurers
  An efreet (D:14)
  6 freezing wraiths
  8 komodo dragons
  2 red devils (D:10)
  4 ice devils (IceCv)
  9 trolls
  3 anaconda simulacra (IceCv)
  6 polar bears
  A wolf spider simulacrum (IceCv)
  Prince Ribbit (D:8)
  A queen bee (Lair:3)
  A wind drake (Lair:4)
  A meliai (D:13)
  A tyrant leech (shapeshifter) (D:15)
  Grinder (D:3)
  6 hornets
  3 slime creatures (D:14)
  24 blink frogs
  3 dream sheep
  A shadow (D:14)
  14 spriggans (Lair:6)
  54 yaks
  5 wyverns
  3 dire elephant simulacra (IceCv)
  7 basilisks
  4 wraiths
  16 humans (D:13)
  2 death yak simulacra (IceCv)
  2 steam dragons
  4 vampire mosquitoes
  An iron troll simulacrum (IceCv)
  Menkaure (D:7)
  27 nagas
  3 wargs
  4 harpy simulacra (IceCv)
  4 hell hounds (Snake:2)
  29 water moccasins
  Duvessa (D:6)
  An acid dragon (D:15)
  3 hydra simulacra (IceCv)
  13 orc warriors
  An eye of draining (D:12)
  A black bear (Lair:6)
  A phantom (D:13)
  A sky beast (D:5)
  2 necrophages
  8 ogres
  36 wolves
  4 boggarts (Lair:6)
  4 ice beasts
  14 centaurs
  3 big kobolds
  21 bullfrogs
  Dowan (D:6)
  A gnoll sergeant (D:8)
  2 water moccasin zombies (Ossuary)
  2 scorpions
  30 killer bees
  13 wights
  4 howler monkeys
  6 electric eels
  2 centaur zombies (D:12)
  A bullfrog zombie (D:6)
  A draconian simulacrum (IceCv)
  6 jellies
  7 orc priests
  5 centaur skeletons
  4 hounds
  2 bullfrog skeletons
  2 iguanas
  26 orc wizards
  Jessica (D:3)
  3 troll simulacra (IceCv)
  9 worker ants
  A polar bear simulacrum (IceCv)
  A wolf simulacrum (IceCv)
  3 big kobold zombies (Ossuary)
  A centaur simulacrum (IceCv)
  A hound skeleton (D:5)
  A hound zombie (D:8)
  2 mummies (Ossuary)
  A howler monkey zombie (D:9)
  A worker ant zombie (D:11)
  3 gnolls
  A river rat (D:3)
  13 adders
  3 ogre simulacra (IceCv)
  A naga simulacrum (IceCv)
  A shadow imp (D:5)
  9 white imps
  13 ufetubi
  12 oozes (Sewer)
  5 adder zombies (Ossuary)
  2 worms (D:2)
  16 leopard geckos
  57 orcs
  8 ball pythons
  6 bats
  12 giant cockroaches
  3 gnoll zombies (Ossuary)
  4 goblins
  7 hobgoblins
  12 jackals
  25 kobolds
  3 quokkas
  13 frilled lizards
  5 hobgoblin zombies (Ossuary)
  6 kobold zombies (Ossuary)
  3 orc zombies (Ossuary)
  A quokka skeleton (D:6)
  6 rats
966 creatures vanquished.

Vanquished Creatures (collateral kills)
  A nagaraja (Snake:2)
  The ghost of veneficus the Fencer, a journeyman MiBe of Trog (Orc:1)
  Josephine (Lair:4)
  A boulder beetle (D:13)
  2 hydras (D:12)
  3 naga warriors
  An anaconda (Snake:3)
  A catoblepas (D:14)
  3 death yaks (Lair:6)
  5 naga sharpshooters
  A shock serpent (Snake:2)
  A skeletal warrior (D:13)
  2 naga ritualists (Snake:3)
  A deep elf mage (D:12)
  3 ugly things
  A manticore (D:14)
  A mana viper (Snake:2)
  2 cyclopes (D:12)
  7 elephants
  2 black mambas
  A naga mage (Snake:3)
  A cane toad (Lair:1)
  A centaur skeleton (D:12)
  2 komodo dragons
  2 polar bears (Lair:6)
  A red devil (D:10)
  2 hornets (Lair:6)
  4 blink frogs
  A slime creature (D:14)
  2 dream sheep (Lair:2)
  A spriggan (Lair:6)
  A wraith (D:12)
  A shadow (D:14)
  10 yaks
  2 wyverns
  A hog (shapeshifter) (D:14)
  A steam dragon (D:11)
  2 nagas
  2 water moccasins (Lair:6)
  An ice beast (D:9)
  A centaur (D:12)
  A wolf (Lair:6)
  An ogre (D:9)
  A bullfrog (Sewer)
  A wyvern zombie (D:13)
  A worker ant (D:11)
  3 gnolls (D:5)
  An ufetubus (D:5)
  4 orcs
93 creatures vanquished.

Vanquished Creatures (others)
  A guardian serpent (Snake:2)
  3 white imps (IceCv)
  2 ufetubi (IceCv)
  2 bushes (D:11)
  57 fungi
  212 plants
277 creatures vanquished.

Grand Total: 1336 creatures vanquished

Notes
Turn   | Place    | Note
-------+----------+-------------------------------------------
     0 | D:1      | Morbidden the Demonspawn Conjurer began the quest for the
                  | Orb.
     0 | D:1      | Reached XP level 1. HP: 13/13 MP: 3/3
     0 | D:1      | Noticed an ice dragon
     1 | D:1      | Noticed a large abomination
     3 | D:1      | Noticed a tentacled monstrosity
     5 | D:1      | Noticed a shadow dragon
     6 | D:1      | Noticed an iron dragon
     8 | D:1      | Noticed a large abomination
    10 | D:1      | Noticed an ice dragon
    12 | D:1      | Noticed a shadow dragon
    16 | D:1      | Noticed an ice dragon
    16 | D:1      | Noticed a yellow draconian
    18 | D:1      | Noticed a shadow dragon
    20 | D:1      | Noticed a black draconian
   265 | D:1      | Gained mutation: You have sharp fingernails. [demonic
                  | ancestry]
   265 | D:1      | Reached XP level 2. HP: 19/19 MP: 3/5
  1570 | D:2      | Found a burning altar of Makhleb.
  1613 | D:2      | Reached XP level 3. HP: 25/25 MP: 3/6
  2903 | D:3      | Found a glowing drain.
  2922 | D:3      | Gained mutation: A weak demonic guardian rushes to your
                  | aid. [demonic ancestry]
  2922 | D:3      | Reached XP level 4. HP: 9/31 MP: 0/7
  3156 | Sewer    | Entered a sewer
  3166 | Sewer    | Reached skill level 5 in Conjurations
  3470 | Sewer    | Reached skill level 1 in Unarmed Combat
  3543 | Sewer    | Reached skill level 1 in Fighting
  3799 | Sewer    | Learned a level 2 spell: Searing Ray
  3988 | Sewer    | Gained mutation: You have very sharp fingernails. [demonic
                  | ancestry]
  3988 | Sewer    | Reached XP level 5. HP: 37/37 MP: 3/8
  4856 | Sewer    | Reached skill level 3 in Spellcasting
  5157 | D:3      | Noticed Grinder
  5161 | D:3      | Paralysed by Grinder for 2 turns
  5165 | D:3      | Killed Grinder
  5166 | D:3      | Gained mutation: You sometimes gain a little power by
                  | taking damage. [demonic ancestry]
  5166 | D:3      | Reached XP level 6. HP: 44/44 MP: 2/11
  5289 | D:3      | Noticed Jessica
  5295 | D:3      | Killed Jessica
  6227 | D:4      | Gained mutation: You are surrounded by a mild repulsion
                  | field. (EV +2) [demonic ancestry]
  6227 | D:4      | Reached XP level 7. HP: 50/50 MP: 7/12
  6322 | D:4      | Found a shimmering blue altar of Sif Muna.
  6469 | D:4      | Upgraded the game from 0.26-a0-996-g6b303dbc09 to
                  | 0.26-a0-1012-gedcf9b2963
  6771 | D:5      | Entered Level 5 of the Dungeon
  6804 | D:5      | Found a staircase to the Ecumenical Temple.
  6809 | Temple   | Entered the Ecumenical Temple
  6826 | Temple   | Became a worshipper of Vehumet
  6862 | D:5      | Found a sand-covered staircase.
  6887 | Ossuary  | Entered an ossuary
  7184 | Ossuary  | Reached skill level 4 in Spellcasting
  7545 | Ossuary  | Reached * piety under Vehumet
  7545 | Ossuary  | Offered knowledge of Shock by Vehumet.
  8293 | D:5      | Learned a level 4 spell: Iskenderun's Mystic Blast
  8324 | D:6      | Found Jyowkid's Antique Armour Emporium.
  8442 | D:6      | Noticed Duvessa
  8453 | D:6      | Killed Duvessa
  8454 | D:6      | Gained mutation: You sometimes gain power by taking damage.
                  | [demonic ancestry]
  8454 | D:6      | Reached XP level 8. HP: 57/57 MP: 5/14
  8581 | D:6      | Noticed Maggie
  8584 | D:6      | Noticed Dowan
  8601 | D:6      | Killed Dowan
  8720 | D:6      | Killed Maggie
  8721 | D:6      | Reached skill level 5 in Spellcasting
  9231 | D:6      | Found a runed translucent door.
  9328 | D:6      | Noticed Crazy Yiuf
 10236 | D:7      | Noticed Menkaure
 10240 | D:7      | Killed Menkaure
 10241 | D:7      | Reached skill level 6 in Spellcasting
 10241 | D:7      | Reached XP level 9. HP: 65/65 MP: 16/18
 10282 | D:7      | Reached ** piety under Vehumet
 10282 | D:7      | Offered knowledge of Sandblast by Vehumet.
 10870 | D:8      | Noticed Maurice
 11092 | D:8      | Paralysed by Maurice for 4 turns
 11239 | D:8      | Found an ancient bone altar of Kikubaaqudgha.
 11268 | D:8      | Noticed a freezing wraith
 11532 | D:8      | Paralysed by Maurice for 3 turns
 11541 | D:8      | Killed Maurice
 11649 | D:8      | Noticed Prince Ribbit
 11679 | D:8      | Offered knowledge of Mephitic Cloud by Vehumet.
 11720 | D:8      | Killed Prince Ribbit
 11875 | D:8      | Reached skill level 7 in Spellcasting
 11875 | D:8      | Reached skill level 1 in Evocations
 12085 | D:8      | Found a shadowy altar of Dithmenos.
 12085 | D:8      | Found a hide-covered altar of Uskayaw.
 12090 | D:8      | Found a faded altar of an unknown god.
 12092 | D:8      | Found a faded altar of an unknown god.
 12094 | D:8      | Found a basalt altar of Yredelemnul.
 12120 | D:8      | Reached *** piety under Vehumet
 12140 | D:8      | Noticed a death knight
 12156 | D:8      | Noticed a two-headed ogre
 12163 | D:8      | Killed a two-headed ogre
 12230 | D:8      | Gained mutation: You have claws for hands. [demonic
                  | ancestry]
 12230 | D:8      | Reached XP level 10. HP: 73/73 MP: 12/21
 12288 | D:8      | Reached skill level 5 in Dodging
 12368 | D:8      | Noticed a phantasmal warrior
 12578 | D:9      | Offered knowledge of Olgreb's Toxic Radiance by Vehumet.
 12600 | D:9      | Learned a level 4 spell: Olgreb's Toxic Radiance
 12797 | D:9      | Noticed a brown ugly thing
 12833 | D:9      | Killed a brown ugly thing
 12834 | D:9      | Reached skill level 8 in Spellcasting
 13192 | D:10     | Entered Level 10 of the Dungeon
 13460 | D:10     | Reached skill level 1 in Poison Magic
 13525 | D:10     | Noticed an orange demon
 13525 | D:10     | Noticed an orange demon
 13525 | D:10     | Noticed an orange demon
 13540 | D:10     | Reached skill level 5 in Unarmed Combat
 13540 | D:10     | Reached skill level 1 in Translocations
 13542 | D:10     | Killed an orange demon
 13543 | D:10     | Reached skill level 5 in Fighting
 13580 | D:10     | Noticed an orange demon
 13593 | D:10     | Killed an orange demon
 13598 | D:10     | Killed an orange demon
 13601 | D:10     | Killed an orange demon
 13636 | D:10     | Reached **** piety under Vehumet
 13684 | D:10     | Reached XP level 11. HP: 80/80 MP: 17/23
 13705 | D:10     | Offered knowledge of Bolt of Magma by Vehumet.
 13886 | D:10     | Reached skill level 9 in Spellcasting
 14167 | D:10     | Reached skill level 10 in Conjurations
 14657 | D:11     | Found a staircase to the Orcish Mines.
 14816 | D:11     | Noticed a green ugly thing
 14827 | D:11     | Killed a green ugly thing
 15102 | D:11     | Killed an unseen horror
 15229 | D:11     | Found a staircase to the Lair.
 15548 | D:11     | Noticed a red ugly thing
 15560 | D:11     | Killed a red ugly thing
 15897 | Lair:1   | Entered Level 1 of the Lair of Beasts
 15957 | D:12     | Noticed a seven-headed hydra
 16038 | D:12     | Killed a seven-headed hydra
 16159 | D:12     | Noticed a two-headed ogre
 16166 | D:12     | Killed a two-headed ogre
 16270 | D:12     | Learned a level 5 spell: Bolt of Magma
 16378 | D:12     | Found a runed translucent door.
 16394 | D:12     | Reached skill level 10 in Spellcasting
 16510 | D:12     | Reached ***** piety under Vehumet
 16549 | D:12     | Noticed a six-headed hydra
 16765 | D:12     | Offered knowledge of Iron Shot by Vehumet.
 16775 | D:12     | Learned a level 6 spell: Iron Shot
 16902 | D:12     | Killed an unseen horror
 16903 | D:12     | Gained mutation: A demonic guardian rushes to your aid.
                  | [demonic ancestry]
 16903 | D:12     | Reached XP level 12. HP: 73/88 MP: 11/26
 17174 | D:12     | Noticed a centaur warrior
 17197 | D:12     | Killed a centaur warrior
 17304 | D:12     | Killed a six-headed hydra
 17365 | D:12     | Noticed a fire giant
 17397 | D:12     | Killed a fire giant
 17547 | D:13     | Noticed a boulder beetle
 17555 | D:13     | Killed a boulder beetle
 17990 | D:13     | Found a gate to the Vaults.
 17990 | D:13     | Noticed a centaur warrior
 17990 | D:13     | Noticed a two-headed ogre
 17998 | D:13     | Noticed a boulder beetle
 18007 | D:13     | Killed a boulder beetle
 18011 | D:13     | Killed a two-headed ogre
 18024 | D:13     | Reached skill level 11 in Spellcasting
 18024 | D:13     | Reached skill level 5 in Poison Magic
 18269 | D:13     | Noticed a centaur warrior
 18753 | Lair:1   | Gained mutation: You are surrounded by a moderate repulsion
                  | field. (EV +3) [demonic ancestry]
 18753 | Lair:1   | Reached XP level 13. HP: 60/96 MP: 6/28
 19180 | Lair:1   | Found a snail-covered altar of Cheibriados.
 19291 | Lair:1   | Noticed Gastronok
 19310 | Lair:1   | Killed Gastronok
 19311 | Lair:1   | Reached skill level 1 in Fire Magic
 19311 | Lair:1   | Reached skill level 1 in Earth Magic
 20716 | Lair:2   | Learned a level 3 spell: Ignite Poison
 21437 | Lair:2   | Offered knowledge of Lee's Rapid Deconstruction by Vehumet.
 21905 | Lair:3   | Identified a scroll of acquirement
 21905 | Lair:3   | Acquired the ring of Nihilism {rElec Str-2 Dex+6 Slay+5
                  | SInv}
 22105 | Lair:3   | Reached skill level 12 in Spellcasting
 23011 | Lair:4   | Found a staircase to the Shoals.
 23204 | Lair:4   | Found a staircase to the Snake Pit.
 23563 | Lair:4   | Reached XP level 14. HP: 97/106 MP: 25/30
 24004 | Lair:4   | Noticed Josephine
 24016 | Lair:4   | Killed Josephine
 25764 | Lair:6   | Entered Level 6 of the Lair of Beasts
 25932 | Lair:6   | Reached skill level 13 in Spellcasting
 25938 | Lair:6   | Reached ****** piety under Vehumet
 25956 | Lair:6   | Offered knowledge of Fireball by Vehumet.
 26720 | Lair:6   | Found a viscous altar of Jiyva.
 26720 | Lair:6   | Found a staircase to the Slime Pits.
 27721 | Lair:6   | Offered knowledge of Iskenderun's Battlesphere by Vehumet.
 27842 | Lair:6   | Reached XP level 15. HP: 114/114 MP: 24/32
 29564 | D:13     | Found Seniwk's Armour Emporium.
 30050 | D:14     | Offered knowledge of Conjure Ball Lightning by Vehumet.
 30666 | D:14     | Reached skill level 10 in Fighting
 30666 | D:14     | Reached skill level 14 in Spellcasting
 31725 | D:15     | Entered Level 15 of the Dungeon
 31744 | D:15     | Reached skill level 1 in Transmutations
 32740 | D:15     | Found a staircase to the Depths.
 33540 | Orc:1    | Entered Level 1 of the Orcish Mines
 33541 | Orc:1    | Found Koischorch's Weapon Shop.
 33541 | Orc:1    | Noticed Nergalle
 33547 | Orc:1    | Killed Nergalle
 33829 | Orc:1    | Found a runed translucent door.
 33830 | Orc:1    | Noticed veneficus's ghost (journeyman MiBe)
 33845 | Orc:1    | Noticed Erolcha
 33862 | Orc:1    | Killed veneficus's ghost
 33998 | Orc:1    | Killed Erolcha
 34165 | Orc:1    | Found a roughly hewn altar of Beogh.
 34173 | Orc:1    | Offered knowledge of Starburst by Vehumet.
 34427 | Orc:2    | Entered Level 2 of the Orcish Mines
 34532 | Orc:2    | Found a staircase to the Elven Halls.
 34567 | Orc:2    | Reached XP level 16. HP: 123/123 MP: 31/34
 35147 | Orc:2    | Found Vadeatip's Distillery.
 35228 | Orc:2    | Found Minuew Mang's Magic Scroll Emporium.
 35298 | Orc:2    | Found a radiant altar of Vehumet.
 35357 | Orc:2    | Found an ancient bone altar of Kikubaaqudgha.
 35383 | Orc:2    | Found a roughly hewn altar of Beogh.
 35383 | Orc:2    | Found Uherrede's Gadget Emporium.
 35432 | Orc:2    | Found Gilonegu's Antique Armour Shoppe.
 35681 | Orc:2    | Bought a scroll of acquirement for 832 gold pieces
 35681 | Orc:2    | Bought a scroll of enchant armour for 120 gold pieces
 35682 | Orc:2    | Acquired 709 gold pieces
 35713 | Orc:2    | Bought a pair of glowing boots for 172 gold pieces
 36003 | Snake:1  | Entered Level 1 of the Snake Pit
 36016 | Snake:1  | Reached skill level 10 in Dodging
 36020 | Snake:1  | Reached skill level 5 in Earth Magic
 36023 | Snake:1  | Got a steaming pewter ring
 36030 | Snake:1  | Identified the ring of the Quahog {rF- AC+4 Str+4 Int+4}
                  | (You found it on level 1 of the Snake Pit)
 36129 | Snake:1  | Noticed Aizul
 36136 | Snake:1  | Killed Aizul
 36227 | Snake:1  | Found a frozen archway.
 36255 | IceCv    | Entered an ice cave
 36286 | IceCv    | Learned a level 6 spell: Starburst
 36543 | IceCv    | Offered knowledge of Freezing Cloud by Vehumet.
 37556 | IceCv    | Learned a level 6 spell: Freezing Cloud
 37716 | IceCv    | Noticed an Ice Fiend
 37967 | IceCv    | Killed an Ice Fiend
 37968 | IceCv    | Reached skill level 15 in Spellcasting
 38263 | Snake:1  | Reached skill level 1 in Air Magic
 38415 | Snake:1  | Reached skill level 1 in Ice Magic
 39399 | Snake:2  | Found a stormy altar of Qazlal.
 39618 | Snake:2  | Noticed Azrael
 39620 | Snake:2  | Killed Azrael
 40262 | Snake:2  | Offered knowledge of Lehudib's Crystal Spear by Vehumet.
 40262 | Snake:2  | Offered knowledge of Shatter by Vehumet.
 40262 | Snake:2  | Offered knowledge of Absolute Zero by Vehumet.
 40272 | Snake:2  | Learned a level 8 spell: Lehudib's Crystal Spear
 41113 | Snake:2  | Gained mutation: A powerful demonic guardian rushes to your
                  | aid. [demonic ancestry]
 41113 | Snake:2  | Reached XP level 17. HP: 92/131 MP: 11/36
 42147 | Snake:3  | Found a hazy altar of Hepliaklqana.
 42603 | Snake:3  | Found Dazaurayg's Book Shop.
 42605 | Snake:3  | Found Siribat's Jewellery Boutique.
 42607 | Snake:3  | Found Mailif's Weapon Shop.
 42621 | Snake:3  | Bought the ring "Yteonewi" {rElec rN+ WL+ MP+9 Slay+3} for
                  | 902 gold pieces
 42824 | Snake:4  | Entered Level 4 of the Snake Pit
 42854 | Snake:4  | Shot with an arrow by a naga sharpshooter

Illustrated notes

Levels and vault maps discovered:
D:1:      shiori_arrival_whats_in_store_for_you, layout_loops_corners
D:2:      layout_basic, lemuel_doored_altar,
          chequers_ecumenical_altar_simple_redux, serial_bayou,
          serial_bayou_lagoon_a, serial_bayou_shore_a, serial_bayou_ford_a,
          serial_bayou_pond_b, small_statue_intersection
D:3:      layout_loops_corners, portal_sewer_entry_a, uniq_grinder, uniq_jessica
D:4:      layout_basic, kennysheep_little_box
D:5:      layout_rooms, minmay_temple_entry_tees, enter_ossuary_1
D:6:      layout_loops_corners, serial_shops, shop_fountains, uniq_duvessa,
          uniq_maggie, uniq_crazy_yiuf_cottage
D:7:      layout_basic, uniq_menkaure
D:8:      layout_rooms, nicolae_overflow_hidden_temple,
          chequers_temple_overflow_minitemple, uniq_prince_ribbit1, uniq_maurice
D:9:      layout_rooms
D:10:     layout_big_octagon, minmay_beelzebubs_servants
D:11:     layout_irregular_city, minmay_lair_entry_grove, orc_0_dummy
D:12:     layout_basic, grunt_ogre_cave, lightli_airlock
D:13:     minmay_inside_and_out, layout_gridville, david_vaults_3, serial_shops,
          shop
D:14:     minmay_bloctagon, layout_small_grid, minmay_quadrilaterals
D:15:     grunt_enter_depths_hoard, layout_small_grid, corexii_corridor_pit,
          kennysheep_four_rooms
Temple:   lightli_temple_of_artemis
Lair:1:   layout_loops_ring, nicolae_quartered_pool_little,
          kennysheep_snail_temple, uniq_gastronok
Lair:2:   minmay_lair_oklob_tunnel, layout_regular_city,
          chequers_serial_rivers_small_b
Lair:3:   layout_roguey [special_room_bee], hangedman_lair_unloving_vines,
          chequers_serial_rivers_micro_a, beast_lair_carwin_4
Lair:4:   layout_loops_ring, minmay_shoals_entry_beasts,
          minmay_snake_entry_six_corridors, serial_bayou_shore_b,
          serial_bayou_shore_b, uniq_josephine
Lair:5:   layout_cave_pods, minmay_lair_oklob_chamber,
          infiniplex_staircase_pool, grunt_megastairs_2, serial_bayou_shore_b
Lair:6:   minmay_lair_end_enchanted_forest, layout_layer_cave, slime_altar_1
Snake:1:  layout_rooms, portal_ice_cave_entry_frozen_things, uniq_aizul
Snake:2:  layout_misc_corridors, basic_altar, uniq_azrael
Snake:3:  layout_misc_corridors, basic_altar, minmay_shop_star
Snake:4:  johnstein_snake_rune_scales, layout_cave_town, drop_trap
Orc:1:    layout_caves, serial_shops, nicolae_shop_stone,
          ebering_ghost_inner_flame, kennysheep_orc_chapel, uniq_nergalle,
          uniq_erolcha
Orc:2:    kennysheep_orc_mage_school, layout_caves

Skill      XL: |  1  2  3  4  5  6  7  8  9 10 11 12 13 14 15 16 17 |
---------------+----------------------------------------------------+-----
Dodging        | 2 3 4 5 6 7 8 9 10 | 10.5
Conjurations   | 5 6 7 8 9 10 11 12 13 14 | 14.2
Unarmed Combat | 1 2 3 4 5 6 7 8 9 |  9.6
Fighting       | 1 2 3 4 5 6 7 8 9 10 11 | 11.2
Spellcasting   | 3 4 6 7 8 10 11 12 13 14 15 | 15.6
Stealth        | 2 3 4 |  4.6
Evocations     | 1 |  1.6
Poison Magic   | 1 3 5 6 7 8 |  8.0
Translocations | 1 2 3 |  3.1
Fire Magic     | 2 |  2.6
Earth Magic    | 2 3 4 6 7 |  7.1
Transmutations | 1 |  1.1
Air Magic      | 2 |  2.3
Ice Magic      | 2 |  2.1

Action                   |  1- 3 |  4- 6 |  7- 9 | 10-12 | 13-15 | 16-18 || total
-------------------------+-------+-------+-------+-------+-------+-------++-------
Melee: Unarmed           |    27 |    33 |    19 |   192 |   704 |   205 ||  1180
       Punch             |       |       |       |     9 |    35 |    12 ||    56
 Cast: Magic Dart        |    92 |   103 |   189 |   123 |       |       ||   507
       Searing Ray       |       |     7 |    62 |    78 |     5 |     1 ||   153
       Olgreb's Toxic Ra |       |       |       |    45 |   142 |    13 ||   200
       Iskenderun's Myst |       |       |       |    14 |     7 |     9 ||    30
       Bolt of Magma     |       |       |       |     9 |    42 |       ||    51
       Iron Shot         |       |       |       |       |   192 |   199 ||   391
       Ignite Poison     |       |       |       |       |    39 |     2 ||    41
       Starburst         |       |       |       |       |       |    31 ||    31
       Freezing Cloud    |       |       |       |       |       |    11 ||    11
Evoke: Wand              |       |       |    14 |       |       |     1 ||    15
       Condenser vane    |       |       |       |       |     1 |     2 ||     3
       Tin of tremorston |       |       |       |       |       |     1 ||     1
  Use: Scroll            |     1 |       |    12 |     6 |    16 |     9 ||    44
       Potion            |       |       |       |     7 |     2 |     3 ||    12
 Stab: Sleeping          |       |     1 |       |     3 |     2 |     1 ||     7
       Distracted        |       |     1 |       |     2 |     5 |     1 ||     9
       Confused          |       |       |       |       |     2 |       ||     2
Armor: Robe              |     5 |     3 |    10 |       |       |    37 ||    55
       Steam dragon scal |       |       |    10 |    83 |   191 |     8 ||   292
       Skin              |       |       |       |       |     4 |       ||     4
Dodge: Dodged            |    31 |    30 |    66 |   285 |   718 |   290 ||  1420
Block: Other             |     2 |       |       |       |       |       ||     2

Table legend: (Time is in decaauts)
 A = Elapsed time spent in this place.
 B = Non-inter-level travel time spent in this place.
 C = Inter-level travel time spent in this place.
 D = Time resting spent in this place.
 E = Time spent auto-exploring this place.
 F = Levels seen in this place.
 G = Mean time per level.
                   A        B        C        D        E       F      G
               +--------+--------+--------+--------+--------+-----+--------+
         Total |  42865 |  41451 |   1414 |   8793 |  26349 |  31 | 1382.7 |
       Dungeon |  20796 |  19884 |    912 |   3699 |  13074 |  15 | 1386.4 |
        Temple |     34 |     34 |      0 |      0 |      0 |   1 |   34.0 |
          Lair |  10050 |   9693 |    357 |   1274 |   7003 |   6 | 1675.0 |
     Snake Pit |   4905 |   4886 |     19 |   1055 |   3000 |   4 | 1226.2 |
  Orcish Mines |   2301 |   2176 |    125 |    217 |   1633 |   2 | 1150.5 |
         Sewer |   1956 |   1956 |      0 |   1172 |    600 |   1 | 1956.0 |
       Ossuary |    884 |    884 |      0 |    366 |    425 |   1 |  884.0 |
      Ice Cave |   1936 |   1936 |      0 |   1010 |    613 |   1 | 1936.0 |
               +--------+--------+--------+--------+--------+-----+--------+

Top non-repeatable levels by time:
  Lair:6: 2690 daAuts
    D:14: 2033 daAuts
   Sewer: 1956 daAuts
   IceCv: 1936 daAuts
    D:12: 1936 daAuts
 Snake:1: 1842 daAuts
    D:15: 1765 daAuts
    D:13: 1745 daAuts
 Snake:2: 1724 daAuts
     D:6: 1602 daAuts
  Lair:2: 1590 daAuts
  Lair:1: 1578 daAuts
    D:11: 1534 daAuts
  Lair:4: 1493 daAuts
     D:1: 1476 daAuts
